 Dungeon Crawl Stone Soup version 0.30-a0-385-gfebfb9b408 (webtiles) character file.

Game seed: 5487803421387075287

101 Chaicat the Covered (level 4, -1/41 HPs)
             Began as a Minotaur Fighter on Dec 2, 2022.
             Slain by a gnoll
             ... wielding a +0 flail
              (5 damage)
             ... on level 3 of the Dungeon.
             The game lasted 00:07:40 (1440 turns).

Chaicat the Covered (Minotaur Fighter)              Turns: 1440, Time: 00:07:40

Health: -1/41      AC: 11    Str: 20    XL:     4   Next: 48%
Magic:  3/3        EV:  9    Int:  5    God:
Gold:   121        SH:  6    Dex: 12    Spells: 3/3 levels left

rFire   . . .      SeeInvis .    a - +0 war axe (vorpal)
rCold   . . .      Faith    .    c - +1 buckler
rNeg    . . .      Spirit   .    b - +0 scale mail
rPois   .          Reflect  .    (helmet restricted)
rElec   .          Harm     .    (no cloak)
rCorr   .          Rampage  .    (no gloves)
Will    .....                    (no boots)
Stlth   ..........               (no amulet)
HPRegen 0.26/turn                h - +4 ring of protection
MPRegen 0.08/turn                (no ring)

@: mighty, studying Axes
A: horns 2, retaliatory headbutt
a: no special abilities


You were on level 3 of the Dungeon.
You visited 1 branch of the dungeon, and saw 3 of its levels.

You collected 121 gold pieces.

Inventory:

Hand Weapons
 a - a +0 vorpal war axe (weapon)
Armour
 b - a +0 scale mail (worn)
 c - a +1 buckler (worn)
Jewellery
 h - a +4 ring of protection (left hand)
Scrolls
 i - a scroll of identify
Potions
 e - 2 potions of lignification
 f - a potion of haste
 j - a potion of mutation {unknown}
 k - a potion of curing {unknown}


   Skills:
 + Level 4.4 Fighting
 * Level 4.3 Axes
 + Level 4.4 Armour
 + Level 4.4 Shields


You had 3 spell levels left.
You didn't know any spells.
Your spell library was empty.

Dungeon Overview and Level Annotations

Branches:
Dungeon (3/15)

Altars:
Uskayaw


Innate Abilities, Weirdness & Mutations

You have a pair of horns on your head.
You reflexively headbutt those who attack you in melee.


Message History

No target in view!
No target in view!
No target in view!
The rat bites you but does no damage.
You hit the rat.
You kill the rat!
No target in view!
No target in view! 2 gnolls come into view.
A gnoll is wielding a +2 flail of protection.
The gnoll shouts! x2; You hear a shout!
You hear an angry hiss.
A gnoll comes into view. It is wielding a +0 flail.
A gnoll comes into view. It is wielding a +0 halberd.
The gnoll shouts!
The gnoll hits you but does no damage.
The gnoll hits you with a +2 flail of protection!
You closely miss the gnoll. You hit the gnoll. The gnoll misses you.
The gnoll completely misses you.
You closely miss the gnoll.
The gnoll is lightly wounded.
You closely miss the gnoll.
An orc priest comes into view. It is wielding a +0 dagger.
The gnoll closely misses you. The gnoll hits you with a +0 flail!
You block the gnoll's attack. x2
The gnoll hits you from afar with a +0 halberd!
The gnoll barely misses you.
You are too injured to fight recklessly!
You are too injured to fight recklessly!
The gnoll barely misses you. The gnoll hits you with a +0 flail!
* * * LOW HITPOINT WARNING * * *
You block the gnoll's attack.
You feel very mighty all of a sudden. You block the gnoll's attack.
The gnoll hits you with a +0 flail.
* * * LOW HITPOINT WARNING * * *
The gnoll completely misses you.
You slash the gnoll! Your headbutt misses the gnoll.
The gnoll is severely wounded.
You slash the gnoll! You hit the gnoll. You block the gnoll's attack.
The gnoll hits you with a +0 flail.
You die...

....... ##.. .#.#.
...o#...#. ..... ... ...
......... #.. ......#g#
#.. ......#g# #.. #.g@##
#.. ... ##g..# #..
.....###.)# #..
..........# #..
#.........####### #####..
................###.##...
............?..........#.
.................##......
#.......)......)..†....###


You could see 4 gnolls.

Vanquished Creatures
  2 adders (D:3)
  A worm (D:2)
  3 dart slugs
  An orc (D:2)
  12 ball pythons
  2 bats (D:1)
  6 endoplasms
  3 giant cockroaches
  5 goblins
  4 hobgoblins
  10 jackals
  4 kobolds
  3 quokkas (D:1)
  5 frilled lizards
  7 rats
68 creatures vanquished.

Notes
Turn   | Place    | Note
-------+----------+-------------------------------------------
     0 | D:1      | Chaicat the Minotaur Fighter began the quest for the Orb.
     0 | D:1      | Reached XP level 1. HP: 19/19 MP: 0/0
    82 | D:1      | Reached XP level 2. HP: 20/27 MP: 1/1
   276 | D:1      | Reached XP level 3. HP: 31/33 MP: 2/2
   579 | D:2      | Identified a scroll of acquirement
   579 | D:2      | Acquired a manual of Axes
  1200 | D:3      | Found a faded altar of an unknown god.
  1223 | D:3      | Reached XP level 4. HP: 40/40 MP: 3/3
  1356 | D:3      | Found a hide-covered altar of Uskayaw.
  1440 | D:3      | Slain by a gnoll

Illustrated notes

Levels and vault maps discovered:
D:1:      scummos_arrival_checkerplants, layout_basic
D:2:      layout_loops_ring, minmay_close_crescents
D:3:      layout_rooms, nicolae_overflow_crystal_walls, lemuel_doored_altar,
          ebering_ecumenical_altar_rust, gammafunk_ghost_smash

Skill      XL: |  1  2  3  4 |
---------------+-------------+-----
Fighting       | 4 |  4.4
Armour         | 4 |  4.4
Shields        | 4 |  4.4
Axes           | 3 4 |  4.3

Action                   |  1- 3 |  4- 6 || total
-------------------------+-------+-------++-------
Melee: War axe           |    88 |    27 ||   115
       Headbutt          |    11 |     4 ||    15
  Use: Scroll            |     9 |     1 ||    10
       Potion            |       |     1 ||     1
Armor: Scale mail        |    50 |     7 ||    57
Dodge: Dodged            |    53 |    15 ||    68
Block: Buckler           |    16 |    12 ||    28

Table legend: (Time is in decaauts)
 A = Elapsed time spent in this place.
 B = Non-inter-level travel time spent in this place.
 C = Inter-level travel time spent in this place.
 D = Time resting spent in this place.
 E = Time spent auto-exploring this place.
 F = Levels seen in this place.
 G = Mean time per level.
                   A        B        C        D        E       F      G
               +--------+--------+--------+--------+--------+-----+--------+
         Total |   1480 |   1448 |     32 |      3 |   1014 |   3 |  493.3 |
       Dungeon |   1480 |   1448 |     32 |      3 |   1014 |   3 |  493.3 |
               +--------+--------+--------+--------+--------+-----+--------+

Top non-repeatable levels by time:
     D:2: 723 daAuts
     D:1: 496 daAuts
     D:3: 260 daAuts
